Punishers vs Sasquatch
(R1)
Created - March 2, 2019 at 21:01
Goals
|
| Punishers |
0 |
1 |
1 |
2 |
| Sasquatch |
1 |
1 |
2 |
4 |
|
Shots
|
| Punishers |
2 |
15 |
6 |
23 |
| Sasquatch |
9 |
15 |
11 |
35 |
|
1st period
1. Sasquatch , Brock Trotter 23 (Devin Shore 10, Dougie Hamilton 59) at 18:55 (PP)
Penalties :
Madison Bowey (Pro) for Tripping (Minor) at 2:19, Jesper Fast (Gat) for Hooking (Minor) at 8:12, Colton Gillies (Pro) for Hooking (Minor) at 18:20
2nd period
2. Sasquatch , Slava Voynov 3 (Martin Marincin 20, Matt Halischuk 42) at 6:58
3. Punishers , Garret Ross 13 (Jordan Schmaltz 18, Madison Bowey 9) at 7:58
Penalties :
Jordan Schmaltz (Pro) for High sticking (Minor) at 13:16, Teemu Hartikainen (Gat) for Interference (Minor) at 16:56
3rd period
4. Sasquatch , Dougie Hamilton 17 (Brock Trotter 25, Patrick Wey 28) at 2:19 (PP)
5. Punishers , Andreas Athanasiou 8 (Miikka Salomaki 23) at 15:21
6. Sasquatch , Teemu Hartikainen 17 (Matt Halischuk 43, Dougie Hamilton 60) at 17:07
Penalties :
Colton Gillies (Pro) for Tripping (Minor) at 1:41, Garret Ross (Pro) for Slashing (Minor) at 10:14, Jordan Schmaltz (Pro) for Holding (Minor) at 12:45, Robbie Earl (Pro) for Hooking (Minor) at 17:50
Goalie Stats
Kristers Gudlevskis (Pro), 31 saves from 35 shots - (0.886), L, 12-18-2, 60:00 minutes
Joonas Korpisalo (Gat), 21 saves from 23 shots - (0.913), W, 18-10-2, 60:00 minutes
Players Stats for Punishers
Player Name G A P +/- PIM S H SB GA TA FO MP PP MP PK MP
------------------------------------------------------------------------------------
Adam Pelech 0 0 0 0 0 1 3 1 0 1 0/0 27:45 1:56 5:15
Andreas Athanasiou 1 0 1 0 0 2 2 2 0 1 1/3 12:40 0:00 0:22
Carter Ashton 0 0 0 0 0 0 0 0 0 0 0/0 2:28 0:00 2:28
Casey Cizikas 0 0 0 0 0 2 1 0 2 0 14/28 22:03 2:08 0:53
Colton Gillies 0 0 0 0 4 4 4 1 0 0 4/8 20:18 1:46 5:33
Dan Bertram 0 0 0 -1 0 1 1 1 0 0 0/0 8:10 0:04 0:00
David Laliberté 0 0 0 0 0 2 2 1 0 3 0/2 16:28 1:46 2:28
Garret Ross 1 0 1 1 2 2 1 0 2 0 0/0 11:26 0:00 0:07
John Macfarland 0 0 0 0 0 0 0 0 0 0 0/0 1:55 0:03 1:52
Jordan Schmaltz 0 1 1 0 4 0 0 1 0 0 0/0 22:44 2:02 4:16
Madison Bowey 0 1 1 0 2 1 5 2 0 0 0/0 27:04 2:02 5:00
Mattias Tedenby 0 0 0 0 0 1 0 1 0 0 1/1 16:29 2:08 0:00
Miikka Salomaki 0 1 1 1 0 1 3 0 0 1 2/3 14:23 0:04 2:38
Nikita Gusev 0 0 0 -1 0 0 0 0 0 0 0/0 6:55 0:00 0:00
Patrick Wiercioch 0 0 0 1 0 0 3 0 0 0 0/0 13:16 0:00 2:46
Robbie Earl 0 0 0 0 2 6 4 1 1 0 6/12 22:43 2:09 5:55
Stefan Elliott 0 0 0 -1 0 0 3 0 1 2 0/0 27:53 1:56 4:59
Tyler Bertuzzi 0 0 0 0 0 0 1 2 0 1 0/1 14:05 1:46 0:00
Players Stats for Sasquatch
Player Name G A P +/- PIM S H SB GA TA FO MP PP MP PK MP
------------------------------------------------------------------------------------
Brett Pesce 0 0 0 -1 0 0 0 0 0 0 0/0 11:44 0:00 0:00
Brock Trotter 1 1 2 -1 0 6 3 0 1 0 0/0 15:18 4:36 1:01
David Desharnais 0 0 0 0 0 2 1 0 0 0 2/2 7:51 0:00 0:00
Devin Shore 0 1 1 -1 0 2 2 0 0 0 5/9 14:29 4:36 0:00
Dougie Hamilton 1 2 3 0 0 2 3 2 1 0 0/0 27:18 7:10 2:15
Drew Shore 0 0 0 0 0 4 2 0 2 0 14/34 22:46 6:04 2:05
Jeff Skinner 0 0 0 0 0 4 1 0 2 0 2/3 21:22 6:27 0:00
Jesper Fast 0 0 0 0 2 5 3 3 0 1 3/3 21:39 6:04 0:00
Josh Morrissey 0 0 0 0 0 0 2 3 0 0 0/0 16:19 3:58 0:00
Martin Marincin 0 1 1 0 0 1 0 1 1 1 0/0 16:23 0:00 1:43
Matt Halischuk 0 2 2 1 0 3 1 1 0 0 0/1 16:22 4:36 0:00
Nicolas Deslauriers 0 0 0 0 0 0 1 0 0 0 0/0 10:01 0:05 1:57
Patrick Wey 0 1 1 0 0 2 1 1 0 1 0/0 27:18 7:10 2:15
Petr Straka 0 0 0 -1 0 0 1 0 0 0 0/0 10:57 0:28 0:56
Sergey Kalinin 0 0 0 1 0 1 2 0 1 1 4/5 14:24 0:28 1:23
Slava Voynov 1 0 1 1 0 2 0 1 0 1 0/0 20:58 3:58 1:43
Sven Andrighetto 0 0 0 0 0 0 2 0 0 0 0/0 7:51 0:00 0:00
Teemu Hartikainen 1 0 1 1 2 1 1 0 1 1 0/1 13:00 0:00 0:34
3 Stars
1 - Dougie Hamilton (Gat)
2 - Brock Trotter (Gat)
3 - Matt Halischuk (Gat)
Power Play
Punishers - 0 on 2 Attempt(s) - 0.00%
Sasquatch - 2 on 7 Attempt(s) - 28.57%
Penalty Kill
Punishers - 5 on 7 Attempt(s) - 71.43%
- Score 0 goal in Penalty Kill
Sasquatch - 2 on 2 Attempt(s) - 100.00%
- Score 0 goal in Penalty Kill
Team Stat
Punishers - Hits : 33 - Faceoff Wins : 28 - Blocked Shots : 13 - Penalty Minutes : 14
Sasquatch - Hits : 26 - Faceoff Wins : 30 - Blocked Shots : 12 - Penalty Minutes : 4
Official
Referees : Unknown
Linesman : Unknown
Game Notes
No Game Note
Finance
Level 1 -- Attendance: 1534 (76.70%) -- Ticket Income $61,360
Level 2 -- Attendance: 790 (79.00%) -- Ticket Income $15,800
Total Attendance: 2324 (77.47%)
Total Ticket Income: $77,160
Other Income: $3,858
Total Income: $81,018
Punishers
5 vs 5 Forward
Center Left Wing Right Wing Time % Phy DF OF
1 Casey Cizikas Robbie Earl Mattias Tedenby 40 0 2 3
2 Colton Gillies Tyler Bertuzzi David Laliberté 30 0 2 3
3 Andreas Athanasiou Garret Ross Miikka Salomaki 20 1 2 2
4 Casey Cizikas Nikita Gusev Dan Bertram 10 1 2 2
5 vs 5 Defense
Defense Defense Time % Phy DF OF
1 Stefan Elliott Adam Pelech 40 1 2 2
2 Jordan Schmaltz Madison Bowey 30 1 2 2
3 Patrick Wiercioch Madison Bowey 20 1 2 2
4 Stefan Elliott Adam Pelech 10 1 2 2
PowerPlay Forward
Center Left Wing Right Wing Time % Phy DF OF
1 Casey Cizikas Robbie Earl Mattias Tedenby 60 0 2 3
2 Colton Gillies Tyler Bertuzzi David Laliberté 40 0 2 3
PowerPlay Defense
Defense Defense Time % Phy DF OF
1 Stefan Elliott Adam Pelech 60 0 2 3
2 Jordan Schmaltz Madison Bowey 40 0 2 3
Penalty Kill 4 Players Forward
Center Wing Time % Phy DF OF
1 Robbie Earl Colton Gillies 60 0 3 2
2 David Laliberté Carter Ashton 40 0 3 2
Penalty Kill 4 Players Defense
Defense Defense Time % Phy DF OF
1 Stefan Elliott Adam Pelech 60 0 3 2
2 Jordan Schmaltz Madison Bowey 40 0 3 2
Penalty Kill - 3 Players Forward
Forward Time % Phy DF OF
1 Robbie Earl 60 0 4 1
2 Colton Gillies 40 0 4 1
Penalty Kill - 3 Players Defense
Defense Defense Time % Phy DF OF
1 Stefan Elliott Adam Pelech 60 0 5 0
2 Jordan Schmaltz Madison Bowey 40 0 5 0
4 vs 4 Forward
Center Wing Time % Phy DF OF
1 Casey Cizikas Mattias Tedenby 60 1 2 2
2 David Laliberté Colton Gillies 40 1 2 2
4 vs 4 Defense
Defense Defense Time % Phy DF OF
1 Stefan Elliott Adam Pelech 60 1 2 2
2 Jordan Schmaltz Madison Bowey 40 1 2 2
Last Minutes Offensive
Center Left Wing Right Wing Defense Defense
Casey Cizikas Robbie Earl Mattias Tedenby Stefan Elliott Adam Pelech
Last Minutes Defensive
Center Left Wing Right Wing Defense Defense
Casey Cizikas Robbie Earl Mattias Tedenby Stefan Elliott Adam Pelech
Goaltenders
Starting : Kristers Gudlevskis
Backup : Louis Domingue
Extra Forwards
Normal : Tyler Bertuzzi, Andreas Athanasiou, Casey Cizikas - PP : Tyler Bertuzzi, Miikka Salomaki - PK : Miikka Salomaki
Extra Defensemen
Normal : Madison Bowey, Stefan Elliott, Jordan Schmaltz - PP : Patrick Wiercioch - PK : Patrick Wiercioch, Jordan Schmaltz
Penalty Shots
Casey Cizikas, Mattias Tedenby, David Laliberté, Colton Gillies, Miikka Salomaki
Scratches
Radek Faksa (Healthy), Ben Betker (Healthy), Trevor Van Riemsdyk (Left Hand Injury), Zack Hamill (Strained Right Elbow Injury), Daniel Altshuller (Healthy)
Sasquatch
5 vs 5 Forward
Center Left Wing Right Wing Time % Phy DF OF
1 Drew Shore Jeff Skinner Jesper Fast 40 1 2 2
2 Sergey Kalinin Teemu Hartikainen Matt Halischuk 30 1 2 2
3 Devin Shore Brock Trotter Petr Straka 20 1 2 2
4 David Desharnais Nicolas Deslauriers Sven Andrighetto 10 1 2 2
5 vs 5 Defense
Defense Defense Time % Phy DF OF
1 Patrick Wey Dougie Hamilton 40 1 2 2
2 Martin Marincin Slava Voynov 30 1 2 2
3 Josh Morrissey Brett Pesce 20 1 2 2
4 Patrick Wey Dougie Hamilton 10 1 2 2
PowerPlay Forward
Center Left Wing Right Wing Time % Phy DF OF
1 Drew Shore Jeff Skinner Jesper Fast 60 1 2 2
2 Devin Shore Brock Trotter Matt Halischuk 40 1 2 2
PowerPlay Defense
Defense Defense Time % Phy DF OF
1 Patrick Wey Dougie Hamilton 60 1 2 2
2 Josh Morrissey Slava Voynov 40 1 2 2
Penalty Kill 4 Players Forward
Center Wing Time % Phy DF OF
1 Drew Shore Nicolas Deslauriers 60 1 2 2
2 Sergey Kalinin Teemu Hartikainen 40 1 2 2
Penalty Kill 4 Players Defense
Defense Defense Time % Phy DF OF
1 Patrick Wey Dougie Hamilton 60 1 2 2
2 Martin Marincin Slava Voynov 40 1 2 2
Penalty Kill - 3 Players Forward
Forward Time % Phy DF OF
1 Drew Shore 60 1 2 2
2 Sergey Kalinin 40 1 2 2
Penalty Kill - 3 Players Defense
Defense Defense Time % Phy DF OF
1 Patrick Wey Dougie Hamilton 60 1 2 2
2 Martin Marincin Slava Voynov 40 1 2 2
4 vs 4 Forward
Center Wing Time % Phy DF OF
1 Drew Shore Jeff Skinner 60 1 2 2
2 David Desharnais Jesper Fast 40 1 2 2
4 vs 4 Defense
Defense Defense Time % Phy DF OF
1 Patrick Wey Dougie Hamilton 60 1 2 2
2 Martin Marincin Slava Voynov 40 1 2 2
Last Minutes Offensive
Center Left Wing Right Wing Defense Defense
Drew Shore Jeff Skinner Matt Halischuk Patrick Wey Dougie Hamilton
Last Minutes Defensive
Center Left Wing Right Wing Defense Defense
Drew Shore Teemu Hartikainen Matt Halischuk Patrick Wey Dougie Hamilton
Goaltenders
Starting : Joonas Korpisalo
Backup : Corey Crawford
Extra Forwards
Normal : Sergey Kalinin, Devin Shore, Petr Straka - PP : Sergey Kalinin, Devin Shore - PK : Petr Straka
Extra Defensemen
Normal : Josh Morrissey, Brett Pesce, Martin Marincin - PP : Josh Morrissey - PK : Brett Pesce, Martin Marincin
Penalty Shots
Jeff Skinner, Devin Shore, Matt Halischuk, Petr Straka, Brock Trotter
Scratches
Ryan Dzingel (Healthy), T.J. Tynan (Healthy), Ty Rattie (Healthy), Andrew Campbell (Healthy), Cal Petersen (Healthy)
% Time on Ice - Punishers
Lines # - Real PCT - Wanted PCT - Time Play
Normal Forward
1 - 33% - 40% - 14:40
2 - 27% - 30% - 11:59
3 - 25% - 20% - 11:20
4 - 15% - 10% - 6:55
Normal Defense
1 - 43% - 40% - 19:16
2 - 33% - 30% - 14:36
3 - 20% - 20% - 8:53
4 - 5% - 10% - 2:09
PP Forward
1 - 55% - 60% - 2:12
2 - 45% - 40% - 1:46
PP Defense
1 - 49% - 60% - 1:56
2 - 51% - 40% - 2:02
PK Forward
1 - 78% - 60% - 8:40
2 - 22% - 40% - 2:28
PK Defense
1 - 46% - 60% - 5:04
2 - 54% - 40% - 6:04
PK3 Forward
1 - 0% - 60%
2 - 0% - 40%
PK3 Defense
1 - 0% - 60%
2 - 0% - 40%
44 Forward
1 - 0% - 60%
2 - 0% - 40%
44 Defense
1 - 0% - 60%
2 - 0% - 40%
Last Minute Offensive - 0:00
Last Minute Defensive - 0:00
Total
Forward - 60:00
Defense - 60:00
|
% Time on Ice - Sasquatch
Lines # - Real PCT - Wanted PCT - Time Play
Normal Forward
1 - 34% - 40% - 15:11
2 - 28% - 30% - 12:28
3 - 21% - 20% - 9:24
4 - 17% - 10% - 7:51
Normal Defense
1 - 38% - 40% - 16:59
2 - 35% - 30% - 15:42
3 - 25% - 20% - 11:19
4 - 2% - 10% - 0:54
PP Forward
1 - 59% - 60% - 6:32
2 - 41% - 40% - 4:36
PP Defense
1 - 64% - 60% - 7:10
2 - 36% - 40% - 3:58
PK Forward
1 - 74% - 60% - 2:55
2 - 26% - 40% - 1:03
PK Defense
1 - 57% - 60% - 2:15
2 - 43% - 40% - 1:43
PK3 Forward
1 - 0% - 60%
2 - 0% - 40%
PK3 Defense
1 - 0% - 60%
2 - 0% - 40%
44 Forward
1 - 0% - 60%
2 - 0% - 40%
44 Defense
1 - 0% - 60%
2 - 0% - 40%
Last Minute Offensive - 0:00
Last Minute Defensive - 0:00
Total
Forward - 60:00
Defense - 60:00
|
Play-by-Play
1st period
0:01 of 1st period - Drew Shore wins face-off versus Casey Cizikas in neutral zone.
0:14 of 1st period - Snap shot by Jeff Skinner.
0:14 of 1st period - Shot Blocked by Adam Pelech.
1:35 of 1st period - Snap shot by Jeff Skinner.
1:35 of 1st period - Stopped by Kristers Gudlevskis without a rebound.
1:36 of 1st period - Casey Cizikas wins face-off versus Drew Shore in Punishers zone.
1:44 of 1st period - Icing by Martin Marincin.
1:45 of 1st period - Jeff Skinner wins face-off versus Colton Gillies in Sasquatch zone.
1:58 of 1st period - Slapshot by Jesper Fast.
1:58 of 1st period - Shot Misses the Net.
2:00 of 1st period - Snap shot by Martin Marincin.
2:00 of 1st period - Shot Blocked by David Laliberté.
2:02 of 1st period - Slapshot by Martin Marincin.
2:02 of 1st period - Shot Blocked by Tyler Bertuzzi.
2:08 of 1st period - Snap shot by Jesper Fast.
2:08 of 1st period - Stopped by Kristers Gudlevskis without a rebound.
2:09 of 1st period - Sergey Kalinin wins face-off versus Casey Cizikas in Punishers zone.
2:19 of 1st period - Minor Penalty to Madison Bowey for Tripping.
2:20 of 1st period - Robbie Earl wins face-off versus Drew Shore in Punishers zone.
2:38 of 1st period - Colton Gillies is hit by Drew Shore.
3:30 of 1st period - Snap shot by Brock Trotter.
3:30 of 1st period - Stopped by Kristers Gudlevskis without a rebound.
3:31 of 1st period - Devin Shore wins face-off versus David Laliberté in Punishers zone.
3:32 of 1st period - Wrist shot by Brock Trotter.
3:32 of 1st period - Stopped by Kristers Gudlevskis with a rebound.
3:52 of 1st period - Wrist shot by Brock Trotter.
3:52 of 1st period - Stopped by Kristers Gudlevskis with a rebound.
4:06 of 1st period - Wrist shot by Matt Halischuk.
4:06 of 1st period - Stopped by Kristers Gudlevskis without a rebound.
4:07 of 1st period - Robbie Earl wins face-off versus Jeff Skinner in Punishers zone.
4:16 of 1st period - Colton Gillies is hit by Dougie Hamilton and loses puck.
4:19 of 1st period - Penalty to Madison Bowey is over, Madison Bowey is back on ice.
4:45 of 1st period - Madison Bowey is hit by Sergey Kalinin and loses puck.
5:11 of 1st period - Off-side.
5:12 of 1st period - Drew Shore wins face-off versus Casey Cizikas in neutral zone.
6:12 of 1st period - Wrist shot by Petr Straka.
6:12 of 1st period - Deflect By Brock Trotter.
6:12 of 1st period - Shot Misses the Net.
6:12 of 1st period - Puck is out of play.
6:13 of 1st period - Jeff Skinner wins face-off versus Andreas Athanasiou in Punishers zone.
6:38 of 1st period - Stefan Elliott is hit by Devin Shore and loses puck.
7:37 of 1st period - Off-side.
7:38 of 1st period - Casey Cizikas wins face-off versus Drew Shore in neutral zone.
7:41 of 1st period - Jesper Fast is hit by Robbie Earl and loses puck.
7:48 of 1st period - Snap shot by Casey Cizikas.
7:48 of 1st period - Shot Misses the Net.
7:50 of 1st period - Snap shot by Robbie Earl.
7:50 of 1st period - Deflect By Casey Cizikas.
7:50 of 1st period - Shot Misses the Net.
7:50 of 1st period - Puck is out of play.
7:51 of 1st period - Casey Cizikas wins face-off versus Drew Shore in Sasquatch zone.
7:52 of 1st period - Snap shot by Robbie Earl.
7:52 of 1st period - Shot Misses the Net.
7:58 of 1st period - Snap shot by Robbie Earl.
7:58 of 1st period - Stopped by Joonas Korpisalo with a rebound.
8:12 of 1st period - Minor Penalty to Jesper Fast for Hooking.
8:13 of 1st period - Drew Shore wins face-off versus Casey Cizikas in Sasquatch zone.
9:38 of 1st period - Mattias Tedenby is hit by Nicolas Deslauriers.
10:12 of 1st period - Penalty to Jesper Fast is over, Jesper Fast is back on ice.
10:33 of 1st period - Slava Voynov is hit by Madison Bowey.
10:43 of 1st period - Jesper Fast is hit by Andreas Athanasiou and loses puck.
11:12 of 1st period - Andreas Athanasiou is hit by Sven Andrighetto and loses puck.
11:49 of 1st period - Garret Ross is hit by Jeff Skinner and loses puck.
12:24 of 1st period - Dougie Hamilton is hit by Patrick Wiercioch and loses puck.
12:35 of 1st period - Jordan Schmaltz is hit by Patrick Wey and loses puck.
13:03 of 1st period - Casey Cizikas is hit by Jesper Fast and loses puck.
13:14 of 1st period - Colton Gillies is hit by Brock Trotter and loses puck.
13:44 of 1st period - Miikka Salomaki is hit by Josh Morrissey and loses puck.
14:27 of 1st period - Icing by Dougie Hamilton.
14:28 of 1st period - Miikka Salomaki wins face-off versus Drew Shore in Sasquatch zone.
15:38 of 1st period - Snap shot by David Desharnais.
15:38 of 1st period - Shot Misses the Net.
15:40 of 1st period - Slapshot by Martin Marincin.
15:40 of 1st period - Shot Blocked by Colton Gillies.
15:44 of 1st period - Slapshot by David Desharnais.
15:44 of 1st period - Stopped by Kristers Gudlevskis with a rebound.
15:46 of 1st period - Wrist shot by Nicolas Deslauriers.
15:46 of 1st period - Shot Blocked by Tyler Bertuzzi.
15:48 of 1st period - Wrist shot by Nicolas Deslauriers.
15:48 of 1st period - Shot Misses the Net.
16:19 of 1st period - Sergey Kalinin is hit by Patrick Wiercioch and loses puck.
16:56 of 1st period - Slapshot by Jeff Skinner.
16:56 of 1st period - Stopped by Kristers Gudlevskis with a rebound.
17:42 of 1st period - Wrist shot by Petr Straka.
17:42 of 1st period - Shot Misses the Net.
18:20 of 1st period - Minor Penalty to Colton Gillies for Hooking.
18:21 of 1st period - Drew Shore wins face-off versus Robbie Earl in Punishers zone.
18:49 of 1st period - Slapshot by Jordan Schmaltz.
18:49 of 1st period - Deflect By Robbie Earl.
18:49 of 1st period - Stopped by Joonas Korpisalo with a rebound.
18:55 of 1st period - Snap shot by Brock Trotter.
18:55 of 1st period - Goal by Brock Trotter - Punishers : 0 - Sasquatch : 1.
18:56 of 1st period - Drew Shore wins face-off versus Casey Cizikas in neutral zone.
19:05 of 1st period - Snap shot by Jeff Skinner.
19:05 of 1st period - Shot Misses the Net.
19:21 of 1st period - Matt Halischuk is hit by Tyler Bertuzzi and loses puck.
19:28 of 1st period - Wrist shot by Matt Halischuk.
19:28 of 1st period - Deflect By Sergey Kalinin.
19:28 of 1st period - Shot Misses the Net.
19:28 of 1st period - Puck is out of play.
19:29 of 1st period - Colton Gillies wins face-off versus Drew Shore in Punishers zone.
19:36 of 1st period - Slapshot by Jordan Schmaltz.
19:36 of 1st period - Shot Blocked by Jesper Fast.
19:38 of 1st period - Slapshot by Jordan Schmaltz.
19:38 of 1st period - Shot Misses the Net.
Goals for this period are 0 for Punishers vs 1 for Sasquatch.
Shots for this period are 2 for Punishers vs 9 for Sasquatch.
2nd period
0:01 of 2nd period - Drew Shore wins face-off versus Casey Cizikas in neutral zone.
0:04 of 2nd period - Slapshot by Dougie Hamilton.
0:04 of 2nd period - Shot Blocked by Robbie Earl.
0:14 of 2nd period - Wrist shot by Robbie Earl.
0:14 of 2nd period - Shot Blocked by Dougie Hamilton.
0:16 of 2nd period - Slapshot by Adam Pelech.
0:16 of 2nd period - Shot Blocked by Patrick Wey.
0:34 of 2nd period - Slapshot by David Laliberté.
0:34 of 2nd period - Stopped by Joonas Korpisalo with a rebound.
0:36 of 2nd period - Wrist shot by David Laliberté.
0:36 of 2nd period - Stopped by Joonas Korpisalo without a rebound.
0:37 of 2nd period - Casey Cizikas wins face-off versus Drew Shore in Sasquatch zone.
0:46 of 2nd period - Snap shot by Drew Shore.
0:46 of 2nd period - Stopped by Kristers Gudlevskis without a rebound.
0:47 of 2nd period - Casey Cizikas wins face-off versus Drew Shore in Punishers zone.
0:52 of 2nd period - Drew Shore is hit by Robbie Earl and loses puck.
0:59 of 2nd period - Robbie Earl is hit by Drew Shore and loses puck.
1:04 of 2nd period - Slapshot by Jeff Skinner.
1:04 of 2nd period - Deflect By Drew Shore.
1:04 of 2nd period - Stopped by Kristers Gudlevskis without a rebound.
1:05 of 2nd period - Sergey Kalinin wins face-off versus Colton Gillies in Punishers zone.
1:12 of 2nd period - Teemu Hartikainen is hit by Colton Gillies and loses puck.
1:19 of 2nd period - Slapshot by Colton Gillies.
1:19 of 2nd period - Stopped by Joonas Korpisalo without a rebound.
1:20 of 2nd period - Jesper Fast wins face-off versus Casey Cizikas in Sasquatch zone.
1:45 of 2nd period - Dougie Hamilton is hit by Miikka Salomaki and loses puck.
1:58 of 2nd period - Snap shot by Miikka Salomaki.
1:58 of 2nd period - Stopped by Joonas Korpisalo with a rebound.
2:09 of 2nd period - Off-side.
2:10 of 2nd period - Colton Gillies wins face-off versus Matt Halischuk in neutral zone.
2:35 of 2nd period - Mattias Tedenby is hit by Devin Shore and loses puck.
3:09 of 2nd period - Slava Voynov is hit by Miikka Salomaki and loses puck.
3:19 of 2nd period - Icing by Martin Marincin.
3:20 of 2nd period - David Desharnais wins face-off versus Colton Gillies in Sasquatch zone.
3:20 of 2nd period - David Desharnais is hit by Colton Gillies.
3:26 of 2nd period - Wrist shot by Slava Voynov.
3:26 of 2nd period - Shot Blocked by Madison Bowey.
3:36 of 2nd period - David Desharnais is hit by Madison Bowey and loses puck.
3:50 of 2nd period - Sven Andrighetto is hit by Madison Bowey and loses puck.
3:59 of 2nd period - Snap shot by Colton Gillies.
3:59 of 2nd period - Stopped by Joonas Korpisalo without a rebound.
4:00 of 2nd period - Drew Shore wins face-off versus Casey Cizikas in Sasquatch zone.
4:09 of 2nd period - Snap shot by Mattias Tedenby.
4:09 of 2nd period - Shot Misses the Net.
4:11 of 2nd period - Slapshot by Casey Cizikas.
4:11 of 2nd period - Shot Misses the Net.
4:13 of 2nd period - Snap shot by Casey Cizikas.
4:13 of 2nd period - Shot Misses the Net.
4:34 of 2nd period - Madison Bowey is hit by Teemu Hartikainen.
5:43 of 2nd period - Stefan Elliott is hit by Sergey Kalinin and loses puck.
6:00 of 2nd period - Devin Shore is hit by Colton Gillies and loses puck.
6:05 of 2nd period - Snap shot by Colton Gillies.
6:05 of 2nd period - Stopped by Joonas Korpisalo with a rebound.
6:07 of 2nd period - Slapshot by Colton Gillies.
6:07 of 2nd period - Shot Misses the Net.
6:21 of 2nd period - Dougie Hamilton is hit by Garret Ross and loses puck.
6:54 of 2nd period - Snap shot by Matt Halischuk.
6:54 of 2nd period - Shot Misses the Net.
6:56 of 2nd period - Slapshot by Martin Marincin.
6:56 of 2nd period - Stopped by Kristers Gudlevskis with a rebound.
6:58 of 2nd period - Slapshot by Slava Voynov.
6:58 of 2nd period - Goal by Slava Voynov - Punishers : 0 - Sasquatch : 2.
6:59 of 2nd period - Casey Cizikas wins face-off versus Drew Shore in neutral zone.
7:02 of 2nd period - Slapshot by Stefan Elliott.
7:02 of 2nd period - Deflect By Casey Cizikas.
7:02 of 2nd period - Stopped by Joonas Korpisalo without a rebound.
7:03 of 2nd period - Drew Shore wins face-off versus Casey Cizikas in Sasquatch zone.
7:08 of 2nd period - Dougie Hamilton is hit by Adam Pelech and loses puck.
7:58 of 2nd period - Wrist shot by Garret Ross.
7:58 of 2nd period - Goal by Garret Ross - Punishers : 1 - Sasquatch : 2.
7:59 of 2nd period - Casey Cizikas wins face-off versus Drew Shore in neutral zone.
8:06 of 2nd period - Snap shot by Casey Cizikas.
8:06 of 2nd period - Shot Misses the Net.
8:08 of 2nd period - Wrist shot by Robbie Earl.
8:08 of 2nd period - Stopped by Joonas Korpisalo without a rebound.
8:09 of 2nd period - Mattias Tedenby wins face-off versus Drew Shore in Sasquatch zone.
8:13 of 2nd period - Slapshot by Casey Cizikas.
8:13 of 2nd period - Shot Misses the Net.
8:15 of 2nd period - Snap shot by Casey Cizikas.
8:15 of 2nd period - Shot Blocked by Josh Morrissey.
8:17 of 2nd period - Backhand shot by Jordan Schmaltz.
8:17 of 2nd period - Deflect By Robbie Earl.
8:17 of 2nd period - Stopped by Joonas Korpisalo with a rebound.
8:19 of 2nd period - Slapshot by Madison Bowey.
8:19 of 2nd period - Shot Misses the Net.
8:21 of 2nd period - Wrist shot by Mattias Tedenby.
8:21 of 2nd period - Shot Misses the Net.
8:23 of 2nd period - Slapshot by Casey Cizikas.
8:23 of 2nd period - Shot Misses the Net.
8:25 of 2nd period - Snap shot by Casey Cizikas.
8:25 of 2nd period - Shot Blocked by Josh Morrissey.
8:27 of 2nd period - Snap shot by Mattias Tedenby.
8:27 of 2nd period - Shot Blocked by Jesper Fast.
8:29 of 2nd period - Slapshot by Madison Bowey.
8:29 of 2nd period - Stopped by Joonas Korpisalo with a rebound.
8:31 of 2nd period - Slapshot by Robbie Earl.
8:31 of 2nd period - Shot Blocked by Josh Morrissey.
8:33 of 2nd period - Slapshot by Robbie Earl.
8:33 of 2nd period - Deflect By Mattias Tedenby.
8:33 of 2nd period - Stopped by Joonas Korpisalo with a rebound.
8:35 of 2nd period - Wrist shot by Mattias Tedenby.
8:35 of 2nd period - Shot Blocked by Jesper Fast.
8:37 of 2nd period - Slapshot by Madison Bowey.
8:37 of 2nd period - Shot Misses the Net.
8:41 of 2nd period - Slapshot by Mattias Tedenby.
8:41 of 2nd period - Shot Misses the Net.
8:51 of 2nd period - Slapshot by Jesper Fast.
8:51 of 2nd period - Shot Blocked by Madison Bowey.
8:57 of 2nd period - Madison Bowey is hit by Josh Morrissey and loses puck.
9:30 of 2nd period - Snap shot by Mattias Tedenby.
9:30 of 2nd period - Deflect By Robbie Earl.
9:30 of 2nd period - Stopped by Joonas Korpisalo with a rebound.
9:32 of 2nd period - Snap shot by Mattias Tedenby.
9:32 of 2nd period - Shot Misses the Net.
9:34 of 2nd period - Snap shot by Robbie Earl.
9:34 of 2nd period - Stopped by Joonas Korpisalo without a rebound.
9:35 of 2nd period - Colton Gillies wins face-off versus Sergey Kalinin in Sasquatch zone.
10:23 of 2nd period - Nicolas Deslauriers is hit by Colton Gillies and loses puck.
10:44 of 2nd period - Snap shot by Brock Trotter.
10:44 of 2nd period - Stopped by Kristers Gudlevskis without a rebound.
10:45 of 2nd period - Devin Shore wins face-off versus Colton Gillies in Punishers zone.
11:54 of 2nd period - Slapshot by David Desharnais.
11:54 of 2nd period - Shot Blocked by Andreas Athanasiou.
12:16 of 2nd period - Wrist shot by Petr Straka.
12:16 of 2nd period - Shot Misses the Net.
12:18 of 2nd period - Wrist shot by Jesper Fast.
12:18 of 2nd period - Stopped by Kristers Gudlevskis with a rebound.
12:20 of 2nd period - Snap shot by Jesper Fast.
12:20 of 2nd period - Shot Misses the Net.
12:22 of 2nd period - Wrist shot by Drew Shore.
12:22 of 2nd period - Stopped by Kristers Gudlevskis without a rebound.
12:23 of 2nd period - Drew Shore wins face-off versus Casey Cizikas in Punishers zone.
12:46 of 2nd period - Slapshot by Colton Gillies.
12:46 of 2nd period - Stopped by Joonas Korpisalo with a rebound.
13:16 of 2nd period - Minor Penalty to Jordan Schmaltz for High sticking.
13:17 of 2nd period - Jesper Fast wins face-off versus Robbie Earl in Punishers zone.
13:25 of 2nd period - Slapshot by Jeff Skinner.
13:25 of 2nd period - Stopped by Kristers Gudlevskis without a rebound.
13:26 of 2nd period - Robbie Earl wins face-off versus Drew Shore in Punishers zone.
13:26 of 2nd period - Robbie Earl is hit by Jesper Fast.
13:38 of 2nd period - Snap shot by Jesper Fast.
13:38 of 2nd period - Stopped by Kristers Gudlevskis with a rebound.
13:40 of 2nd period - Slapshot by Jesper Fast.
13:40 of 2nd period - Stopped by Kristers Gudlevskis without a rebound.
13:41 of 2nd period - Robbie Earl wins face-off versus Drew Shore in Punishers zone.
14:08 of 2nd period - Snap shot by Matt Halischuk.
14:08 of 2nd period - Stopped by Kristers Gudlevskis without a rebound.
14:09 of 2nd period - Devin Shore wins face-off versus Robbie Earl in Punishers zone.
14:16 of 2nd period - Wrist shot by Brock Trotter.
14:16 of 2nd period - Stopped by Kristers Gudlevskis without a rebound.
14:17 of 2nd period - Robbie Earl wins face-off versus Drew Shore in Punishers zone.
15:16 of 2nd period - Penalty to Jordan Schmaltz is over, Jordan Schmaltz is back on ice.
15:23 of 2nd period - Stefan Elliott is hit by David Desharnais.
15:44 of 2nd period - Sergey Kalinin is hit by Madison Bowey.
16:07 of 2nd period - Martin Marincin is hit by David Laliberté.
16:26 of 2nd period - Josh Morrissey is hit by Robbie Earl and loses puck.
16:42 of 2nd period - Garret Ross is hit by Sven Andrighetto and loses puck.
16:56 of 2nd period - Minor Penalty to Teemu Hartikainen for Interference.
16:57 of 2nd period - Casey Cizikas wins face-off versus Drew Shore in Sasquatch zone.
17:12 of 2nd period - Nicolas Deslauriers is hit by Casey Cizikas and loses puck.
17:31 of 2nd period - Drew Shore is hit by David Laliberté and loses puck.
18:56 of 2nd period - Penalty to Teemu Hartikainen is over, Teemu Hartikainen is back on ice.
19:09 of 2nd period - Sven Andrighetto is hit by Miikka Salomaki and loses puck.
19:24 of 2nd period - Patrick Wiercioch is hit by Jesper Fast and loses puck.
19:29 of 2nd period - Snap shot by Jeff Skinner.
19:29 of 2nd period - Shot Blocked by Dan Bertram.
19:31 of 2nd period - Wrist shot by Devin Shore.
19:31 of 2nd period - Stopped by Kristers Gudlevskis with a rebound.
19:33 of 2nd period - Slapshot by Patrick Wey.
19:33 of 2nd period - Deflect By Patrick Wiercioch.
19:33 of 2nd period - Stopped by Kristers Gudlevskis with a rebound.
19:35 of 2nd period - Slapshot by Slava Voynov.
19:35 of 2nd period - Stopped by Kristers Gudlevskis with a rebound.
Goals for this period are 1 for Punishers vs 1 for Sasquatch.
Shots for this period are 15 for Punishers vs 15 for Sasquatch.
3rd period
0:01 of 3rd period - Casey Cizikas wins face-off versus Drew Shore in neutral zone.
0:10 of 3rd period - Snap shot by Casey Cizikas.
0:10 of 3rd period - Shot Misses the Net.
0:26 of 3rd period - Patrick Wey is hit by Stefan Elliott and loses puck.
0:42 of 3rd period - Icing by Dougie Hamilton.
0:43 of 3rd period - Sergey Kalinin wins face-off versus Andreas Athanasiou in Sasquatch zone.
0:48 of 3rd period - Slapshot by Teemu Hartikainen.
0:48 of 3rd period - Shot Misses the Net.
0:50 of 3rd period - Wrist shot by Jeff Skinner.
0:50 of 3rd period - Shot Misses the Net.
0:52 of 3rd period - Backhand shot by Dougie Hamilton.
0:52 of 3rd period - Stopped by Kristers Gudlevskis with a rebound.
0:54 of 3rd period - Snap shot by Patrick Wey.
0:54 of 3rd period - Shot Misses the Net.
0:56 of 3rd period - Slapshot by Dougie Hamilton.
0:56 of 3rd period - Deflect By Drew Shore.
0:56 of 3rd period - Shot Misses the Net.
0:56 of 3rd period - Puck is out of play.
0:57 of 3rd period - Casey Cizikas wins face-off versus Drew Shore in Punishers zone.
1:12 of 3rd period - Drew Shore is hit by Robbie Earl and loses puck.
1:41 of 3rd period - Minor Penalty to Colton Gillies for Tripping.
1:42 of 3rd period - Jesper Fast wins face-off versus Robbie Earl in Punishers zone.
1:45 of 3rd period - Snap shot by Jeff Skinner.
1:45 of 3rd period - Shot Misses the Net.
1:47 of 3rd period - Slapshot by Jesper Fast.
1:47 of 3rd period - Stopped by Kristers Gudlevskis without a rebound.
1:48 of 3rd period - Drew Shore wins face-off versus Robbie Earl in Punishers zone.
2:13 of 3rd period - Slapshot by Dougie Hamilton.
2:13 of 3rd period - Shot Misses the Net.
2:19 of 3rd period - Snap shot by Dougie Hamilton.
2:19 of 3rd period - Goal by Dougie Hamilton - Punishers : 1 - Sasquatch : 3.
2:20 of 3rd period - Drew Shore wins face-off versus Casey Cizikas in neutral zone.
3:42 of 3rd period - Sven Andrighetto is hit by Stefan Elliott and loses puck.
3:47 of 3rd period - Slapshot by Casey Cizikas.
3:47 of 3rd period - Stopped by Joonas Korpisalo with a rebound.
4:34 of 3rd period - Icing by Garret Ross.
4:35 of 3rd period - Devin Shore wins face-off versus Miikka Salomaki in Punishers zone.
5:07 of 3rd period - Slapshot by Garret Ross.
5:07 of 3rd period - Stopped by Joonas Korpisalo with a rebound.
5:09 of 3rd period - Wrist shot by Patrick Wiercioch.
5:09 of 3rd period - Shot Misses the Net.
5:11 of 3rd period - Slapshot by Andreas Athanasiou.
5:11 of 3rd period - Stopped by Joonas Korpisalo without a rebound.
5:12 of 3rd period - Sergey Kalinin wins face-off versus Casey Cizikas in Sasquatch zone.
5:18 of 3rd period - Wrist shot by Matt Halischuk.
5:18 of 3rd period - Shot Blocked by Mattias Tedenby.
5:20 of 3rd period - Snap shot by Matt Halischuk.
5:20 of 3rd period - Stopped by Kristers Gudlevskis without a rebound.
5:21 of 3rd period - Casey Cizikas wins face-off versus Teemu Hartikainen in Punishers zone.
5:21 of 3rd period - Casey Cizikas is hit by Dougie Hamilton.
5:53 of 3rd period - Stefan Elliott is hit by Dougie Hamilton and loses puck.
5:58 of 3rd period - Snap shot by Sergey Kalinin.
5:58 of 3rd period - Stopped by Kristers Gudlevskis with a rebound.
6:16 of 3rd period - Backhand shot by Robbie Earl.
6:16 of 3rd period - Deflect By Dougie Hamilton.
6:16 of 3rd period - Shot Blocked by Dougie Hamilton.
6:16 of 3rd period - Puck is out of play.
6:17 of 3rd period - Drew Shore wins face-off versus Tyler Bertuzzi in Sasquatch zone.
7:00 of 3rd period - Miikka Salomaki is hit by Brock Trotter and loses puck.
7:13 of 3rd period - Slapshot by Jordan Schmaltz.
7:13 of 3rd period - Deflect By Nikita Gusev.
7:13 of 3rd period - Shot Blocked by Slava Voynov.
7:13 of 3rd period - Puck is out of play.
7:14 of 3rd period - David Desharnais wins face-off versus Casey Cizikas in Sasquatch zone.
7:35 of 3rd period - Slapshot by David Laliberté.
7:35 of 3rd period - Shot Misses the Net.
7:37 of 3rd period - Slapshot by Tyler Bertuzzi.
7:37 of 3rd period - Shot Misses the Net.
8:00 of 3rd period - Martin Marincin is hit by Adam Pelech and loses puck.
8:44 of 3rd period - Slapshot by David Desharnais.
8:44 of 3rd period - Shot Misses the Net.
9:06 of 3rd period - Snap shot by Dan Bertram.
9:06 of 3rd period - Shot Misses the Net.
9:08 of 3rd period - Snap shot by Jordan Schmaltz.
9:08 of 3rd period - Shot Blocked by Martin Marincin.
9:10 of 3rd period - Wrist shot by Casey Cizikas.
9:10 of 3rd period - Shot Misses the Net.
9:12 of 3rd period - Slapshot by Jordan Schmaltz.
9:12 of 3rd period - Shot Misses the Net.
9:14 of 3rd period - Slapshot by Madison Bowey.
9:14 of 3rd period - Shot Misses the Net.
9:16 of 3rd period - Wrist shot by Dan Bertram.
9:16 of 3rd period - Stopped by Joonas Korpisalo with a rebound.
9:18 of 3rd period - Slapshot by Dan Bertram.
9:18 of 3rd period - Shot Misses the Net.
9:34 of 3rd period - Snap shot by Dan Bertram.
9:34 of 3rd period - Deflect By Casey Cizikas.
9:34 of 3rd period - Shot Blocked by Matt Halischuk.
9:34 of 3rd period - Puck is out of play.
9:35 of 3rd period - Colton Gillies wins face-off versus Drew Shore in Sasquatch zone.
9:44 of 3rd period - Jesper Fast is hit by Stefan Elliott and loses puck.
9:53 of 3rd period - Dougie Hamilton is hit by Adam Pelech and loses puck.
10:04 of 3rd period - Brock Trotter is hit by Patrick Wiercioch.
10:10 of 3rd period - Slapshot by Dougie Hamilton.
10:10 of 3rd period - Deflect By Brock Trotter.
10:10 of 3rd period - Shot Blocked by Andreas Athanasiou.
10:10 of 3rd period - Puck is out of play.
10:11 of 3rd period - Andreas Athanasiou wins face-off versus Devin Shore in Punishers zone.
10:11 of 3rd period - Andreas Athanasiou is hit by Petr Straka.
10:14 of 3rd period - Minor Penalty to Garret Ross for Slashing.
10:15 of 3rd period - Drew Shore wins face-off versus Robbie Earl in Punishers zone.
10:42 of 3rd period - Stefan Elliott is hit by Matt Halischuk and loses puck.
12:14 of 3rd period - Penalty to Garret Ross is over, Garret Ross is back on ice.
12:29 of 3rd period - Slapshot by David Desharnais.
12:29 of 3rd period - Stopped by Kristers Gudlevskis with a rebound.
12:31 of 3rd period - Wrist shot by David Desharnais.
12:31 of 3rd period - Shot Misses the Net.
12:45 of 3rd period - Minor Penalty to Jordan Schmaltz for Holding.
12:46 of 3rd period - Robbie Earl wins face-off versus Drew Shore in Punishers zone.
12:57 of 3rd period - Snap shot by Drew Shore.
12:57 of 3rd period - Stopped by Kristers Gudlevskis with a rebound.
14:36 of 3rd period - Sergey Kalinin is hit by Madison Bowey and loses puck.
14:45 of 3rd period - Penalty to Jordan Schmaltz is over, Jordan Schmaltz is back on ice.
14:55 of 3rd period - Nicolas Deslauriers is hit by Dan Bertram and loses puck.
15:12 of 3rd period - Martin Marincin is hit by Andreas Athanasiou and loses puck.
15:21 of 3rd period - Snap shot by Andreas Athanasiou.
15:21 of 3rd period - Goal by Andreas Athanasiou - Punishers : 2 - Sasquatch : 3.
15:22 of 3rd period - Casey Cizikas wins face-off versus Devin Shore in neutral zone.
15:30 of 3rd period - Off-side.
15:31 of 3rd period - Casey Cizikas wins face-off versus Devin Shore in neutral zone.
15:37 of 3rd period - Slapshot by Dougie Hamilton.
15:37 of 3rd period - Shot Blocked by Jordan Schmaltz.
15:39 of 3rd period - Wrist shot by Devin Shore.
15:39 of 3rd period - Stopped by Kristers Gudlevskis with a rebound.
15:41 of 3rd period - Slapshot by Patrick Wey.
15:41 of 3rd period - Stopped by Kristers Gudlevskis without a rebound.
15:42 of 3rd period - Devin Shore wins face-off versus Casey Cizikas in Punishers zone.
16:10 of 3rd period - Icing by Adam Pelech.
16:11 of 3rd period - Drew Shore wins face-off versus David Laliberté in Punishers zone.
16:16 of 3rd period - Slapshot by Adam Pelech.
16:16 of 3rd period - Stopped by Joonas Korpisalo with a rebound.
16:36 of 3rd period - Madison Bowey is hit by Brock Trotter and loses puck.
17:05 of 3rd period - Slapshot by Matt Halischuk.
17:05 of 3rd period - Shot Misses the Net.
17:07 of 3rd period - Snap shot by Teemu Hartikainen.
17:07 of 3rd period - Goal by Teemu Hartikainen - Punishers : 2 - Sasquatch : 4.
17:08 of 3rd period - Casey Cizikas wins face-off versus Devin Shore in neutral zone.
17:50 of 3rd period - Minor Penalty to Robbie Earl for Hooking.
17:51 of 3rd period - Miikka Salomaki wins face-off versus Drew Shore in Punishers zone.
18:04 of 3rd period - Wrist shot by Jeff Skinner.
18:04 of 3rd period - Stopped by Kristers Gudlevskis with a rebound.
18:06 of 3rd period - Slapshot by Josh Morrissey.
18:06 of 3rd period - Shot Misses the Net.
19:50 of 3rd period - Penalty to Robbie Earl is over, Robbie Earl is back on ice.
Goals for this period are 1 for Punishers vs 2 for Sasquatch.
Shots for this period are 6 for Punishers vs 11 for Sasquatch.
Back to the Top